 Dungeon Crawl Stone Soup version 0.16.2-12-gd0ad4c3 (webtiles) character file.

4 dvd the Insei (level 1, -4/13 HPs)
             Began as an Octopode Transmuter on Oct 31, 2015.
             Slain by a hobgoblin
             ... wielding a +0 club
              (6 damage)
             ... on level 1 of the Dungeon.
             The game lasted 00:00:37 (65 turns).

dvd the Insei (Octopode Transmuter)                   Turns: 65, Time: 00:00:37

Health: -4/13      AC:  1    Str:  9    XL:     1   Next: 60%
Magic:  2/3        EV: 12    Int: 15    God:
Gold:   10         SH:  0    Dex: 12    Spells: 1 memorised, 3 levels left

rFire  . . .     SeeInvis .       - Unarmed
rCold  . . .     Clarity  .     (no shield)
rNeg   . . .     SustAb   .     (helmet restricted)
rPois  .         Gourm    .     (no amulet)
rElec  .         Spirit   .     (no ring)
rCorr  .         Warding  .     (no ring)
rMut   .         Stasis   .     (no ring)
MR     .....                    (no ring)
Stlth  ++........               (no ring)
                                (no ring)
                                (no ring)
                                (no ring)

@: appendage, constricted, not resistant to hostile enchantments, unstealthy
A: almost no armour, amphibious, 8 rings, constrict 8, tentacle spike 3,
camouflage 1, gelatinous body 1
a: End Transformation


You were on level 1 of the Dungeon.
You were not hungry.
One of your tentacles had a temporary spike.
You visited 1 branch of the dungeon, and saw 1 of its levels.

You collected 10 gold pieces.

Inventory:

Hand weapons
 f - a +0 hunting sling
Missiles
 b - 12 arrows
Scrolls
 c - a scroll of identify {unknown}
 e - a scroll of magic mapping {unknown}
Books
 d - a book of Changes

   Spells                             Type                      Level
   a - Beastly Appendage              Transmutation                1
   b - Sticks to Snakes               Transmutation                2
   c - Spider Form                    Transmutation/Poison         3
   d - Ice Form                       Ice/Transmutation            4
   e - Blade Hands                    Transmutation                5
Comestibles
 a - a bread ration


   Skills:
 + Level 1.0 Fighting
 + Level 2.0 Dodging
 + Level 3.0 Unarmed Combat
 + Level 2.1 Spellcasting
 + Level 2.0 Transmutations


You had 3 spell levels left.
You knew the following spells:

 Your Spells              Type           Power        Failure   Level  Hunger
a - Beastly Appendage     Trmt           #.....       12%         1    #......


Dungeon Overview and Level Annotations

Branches:
Dungeon (1/15)

Altars:


Innate Abilities, Weirdness & Mutations

You cannot wear most types of armour.
You are amphibious.
You can wear up to eight rings at the same time.
You can use your tentacles to constrict many enemies at once.
Your skin changes colour to match your surroundings (Stealth).
Your rubbery body absorbs attacks (AC +1).
One of your tentacles bears a large vicious spike.


Message History

The hobgoblin is heavily wounded.
You constrict the hobgoblin, but do no damage.
The hobgoblin barely misses you.
You tentacle-slap the hobgoblin but do no damage.
You pierce the hobgoblin, but do no damage.
The hobgoblin is moderately wounded.
You constrict the hobgoblin, but do no damage.
The giant cockroach bites you. The hobgoblin closely misses you.
The ball python bites you. The ball python closely misses you.
You release your grip on the hobgoblin.
You closely miss the hobgoblin. You grab the hobgoblin.
You pierce the hobgoblin, but do no damage.
The hobgoblin is moderately wounded.
You constrict the hobgoblin, but do no damage.
The giant cockroach closely misses you. The ball python bites you.
* * * LOW HITPOINT WARNING * * *
The ball python grabs you.
* * * LOW HITPOINT WARNING * * *
The ball python constricts you. The hobgoblin hits you with a club.
You die...

.....## . ... ..>....##..
..# . ........#.. #.. .
8.....8....#########.# #
...[.................###
.......$................
.......g.................
.......Ssg......##.......
#.......@.......##.......
#........##............##
#........##............##
........(................
.........................
#....##........<........
#....##.........>.......
#.......................
.......................


You could see a giant cockroach, a hobgoblin, a goblin and a ball python.

Vanquished Creatures
  A goblin (D:1)
  A kobold (D:1)
  A bat (D:1)
  A rat (D:1)
4 creatures vanquished.

Notes
Turn   | Place    | Note
--------------------------------------------------------------
     0 | D:1      | dvd, the Octopode Transmuter, began the quest for the Orb.
     0 | D:1      | Reached XP level 1. HP: 13/13 MP: 3/3
    65 | D:1      | Slain by a hobgoblin

Action                   || total
-------------------------++-------
Melee: Unarmed           ||    11
 Cast: Beastly Appendage ||     2
